 Dungeon Crawl Stone Soup version 0.20-a0-967-g62cfa5d (webtiles) character file.

101 inmateoo the Ruffian (level 4, 0/35 HPs)
             Began as a Demonspawn Fighter on Apr 7, 2017.
             Succumbed to an adder's poison
             ... on level 2 of the Dungeon.
             The game lasted 00:04:05 (1930 turns).

inmateoo the Ruffian (Demonspawn Fighter)           Turns: 1930, Time: 00:04:06

Health: 0/35       AC:  7    Str: 15 (17) XL:     4   Next: 48%
Magic:  4/4        EV: 13    Int: 14 (15) God:
Gold:   107        SH:  8    Dex: 14 (17) Spells: 3/3 levels left

rFire    . . .     SeeInvis .     - Unarmed
rCold    . . .     Gourm    .   b - +0 shield
rNeg     . . .     Faith    .   a - +0 scale mail
rPois    .         Spirit   .   (no helmet)
rElec    .         Reflect  .   e - +0 cloak
rCorr    .         Harm     .   (no gloves)
MR       .....                  (no boots)
Stlth    +.........             (no amulet)
Regen    0.2/turn               (no ring)
MPRegen  0.1/turn               (no ring)

@: brilliant, agile, lethally poisoned (0 -> -3)
A: repulsion field 1, powered by pain 2
a: no special abilities


You were on level 2 of the Dungeon.
You were hungry.

You visited 1 branch of the dungeon, and saw 2 of its levels.

You collected 107 gold pieces.

Inventory:

Armour
 a - a +0 scale mail (worn)
 b - a +0 shield (worn)
 e - a +0 cloak (worn)
Jewellery
 l - an uncursed ring of protection from fire {unknown}
Scrolls
 c - a scroll of blinking {unknown}
 j - a scroll of remove curse
Comestibles
 d - 4 bread rations
 f - 2 royal jellies
 h - 2 meat rations


   Skills:
 - Level 3.0 Fighting
 - Level 2.6 Armour
 - Level 2.6 Shields
 + Level 4.3 Unarmed Combat


You had 3 spell levels left.
You didn't know any spells.

Dungeon Overview and Level Annotations

Branches:
Dungeon (2/15)

Altars:
Qazlal
Trog
Wu Jian


Innate Abilities, Weirdness & Mutations

You are surrounded by a mild repulsion field. (EV +2)
You sometimes gain power by taking damage.


Message History

You feel sick.
It was a potion of brilliance.
You feel clever all of a sudden.
It was a potion of degeneration.
There was something very wrong with that liquid.
You feel weakened.
You feel dopey.
You feel clumsy.
* * * LOW HITPOINT WARNING * * *
You feel sick.
* * * LOW HITPOINT WARNING * * *
You feel sick.
Found 16 gold pieces.
You see here an adder corpse.
* * * LOW HITPOINT WARNING * * *
You feel sick.
* * * LOW HITPOINT WARNING * * *
You feel sick.
An adder comes into view.
You see here a scroll labeled RAEPLE EFUOVVU.
c - a scroll labeled RAEPLE EFUOVVU You die...

#.# #.# #.# ## ..>
#.. .# ... #.####
.# ... #...$# S#
######.# #†##.# .#
....##.## #.##.##.#
........###.....@.#
.##.#..........####
..........######
##### ....#...#)#
#########...##
....##(##(#
####.<.......†...
......(##.#
#....#######...##
##..##.##.# #.####
###### ##(.#...#.#
####.#### #
..........#
#.......# #


You could see an adder (sleeping).

Vanquished Creatures
  2 gnolls
  3 adders (D:2)
  2 oozes
  A dart slug (D:1)
  2 leopard geckos
  2 giant cockroaches
  7 goblins
  5 hobgoblins
  A ball python (D:1)
  8 bats
  2 frilled lizards (D:2)
  5 kobolds
  6 rats
46 creatures vanquished.

Notes
Turn   | Place    | Note
-------+----------+-------------------------------------------
     0 | D:1      | inmateoo the Demonspawn Fighter began the quest for the Orb.
     0 | D:1      | Reached XP level 1. HP: 18/18 MP: 1/1
    35 | D:1      | Reached skill level 2 in Unarmed Combat
   217 | D:1      | Gained mutation: You sometimes gain a little power by taking damage. [demonic ancestry]
   217 | D:1      | Reached XP level 2. HP: 21/24 MP: 2/2
   388 | D:1      | Reached skill level 3 in Unarmed Combat
   677 | D:2      | Gained mutation: You sometimes gain power by taking damage. [demonic ancestry]
   677 | D:2      | Reached XP level 3. HP: 8/29 MP: 3/3
  1298 | D:2      | Found a stormy altar of Qazlal.
  1298 | D:2      | Found an ornate altar of the Wu Jian Council.
  1298 | D:2      | Found a bloodstained altar of Trog.
  1356 | D:2      | Gained mutation: You are surrounded by a mild repulsion field. (EV +2) [demonic ancestry]
  1356 | D:2      | Reached XP level 4. HP: 25/35 MP: 4/4
  1465 | D:2      | Reached skill level 4 in Unarmed Combat
  1672 | D:2      | Found a stormy altar of Qazlal.
  1928 | D:2      | HP: 1/35 [poisoned by an adder]
  1930 | D:2      | Succumbed to an adder's poison

Vault maps used:
D:1:      eino_arrival_druids_welcome, minmay_quantized
D:2:      gammafunk_temple_overflow_forgotten, first_bread, grunt_qazlal_clouds

Skill      XL: |  1  2  3  4 |
---------------+-------------+-----
Unarmed Combat | 2 3 4 |  4.3
Fighting       | |  3.0
Armour         | |  2.6
Shields        | |  2.6

Action                   |  1- 3 |  4- 6 || total
-------------------------+-------+-------++-------
Melee: Unarmed           |   106 |   116 ||   222
  Use: Potion            |     1 |     3 ||     4
       Scroll            |       |     2 ||     2
  Eat: Chunk             |     1 |     2 ||     3
Armor: Scale mail        |    53 |    60 ||   113
Dodge: Dodged            |    18 |    37 ||    55
Block: Shield            |    38 |    56 ||    94
